 Dungeon Crawl Stone Soup version 0.27-a0-592-g0306a34022 (webtiles) character file.

Game seed: 17974485615390095905

17 rednaxela the Sneak (level 2, -6/25 HPs)
             Began as a Barachi Brigand on Mar 11, 2021.
             Mangled by a kobold
             ... wielding a +0 whip of electrocution
              (13 damage)
             ... on level 1 of the Dungeon.
             The game lasted 00:01:19 (735 turns).

rednaxela the Sneak (Barachi Brigand)                Turns: 735, Time: 00:01:19

Health: -6/25      AC:  4    Str: 12    XL:     2   Next: 62%
Magic:  2/2        EV: 11    Int: 11    God:
Gold:   27         SH:  0    Dex: 13    Spells: 1/1 levels left

rFire    . . .     SeeInvis .   a - +2 dagger
rCold    . . .     Faith    .   (no shield)
rNeg     . . .     Spirit   .   b - +0 robe
rPois    .         Reflect  .   (no helmet)
rElec    .         Harm     .   c - +0 cloak
rCorr    .         Rampage  .   h - +0 pair of gloves
Will     .....                  (no boots)
Stlth    ++........             (no amulet)
HPRegen  0.08/turn              (no ring)
MPRegen  0.08/turn              (no ring)

@: slow
A: +LOS, amphibious, slowness 1, strong legs 1
a: Hop


You were on level 1 of the Dungeon.
You visited 1 branch of the dungeon, and saw 1 of its levels.

You collected 27 gold pieces.

Inventory:

Hand Weapons
 a - a +2 dagger (weapon)
Missiles
 d - 8 poisoned darts (quivered)
Armour
 b - a +0 robe (worn)
 c - a +0 cloak (worn)
 h - a +0 pair of gloves (worn)
   (You found it on level 1 of the Dungeon)
Scrolls
 j - a scroll of teleportation {unknown}
Potions
 f - a potion of brilliance {unknown}
 g - 2 potions of might {unknown}
 i - a potion of mutation {unknown}


   Skills:
 + Level 3.6 Fighting
 - Level 2.2 Short Blades
 - Level 2.0 Throwing
 - Level 1.1 Dodging
 - Level 3.6 Stealth


You had one spell level left.
You didn't know any spells.
Your spell library was empty.

Dungeon Overview and Level Annotations

Branches:
Dungeon (1/15)

Altars:


Innate Abilities, Weirdness & Mutations

You can be seen from farther away. (+LOS)
You are amphibious.
You cover ground slowly.
You can hop short distances.


Message History

No target in view!
You now have 27 gold pieces (gained 13).
A hobgoblin comes into view. It is wielding a +0 club.
A hobgoblin is nearby!
You hit the hobgoblin.
The hobgoblin is moderately wounded.
The hobgoblin barely misses you.
You closely miss the hobgoblin.
The hobgoblin is lightly wounded.
You hit the hobgoblin.
The hobgoblin is moderately wounded.
The hobgoblin hits you but does no damage.
You hit the hobgoblin but do no damage.
The hobgoblin is moderately wounded.
The hobgoblin misses you.
You hit the hobgoblin.
The hobgoblin is almost dead.
The hobgoblin closely misses you.
You hit the hobgoblin.
You kill the hobgoblin!
Things that are here:
a +0 club; a hobgoblin corpse A leopard gecko and 2 goblins come into view.
The goblin shouts!
There are monsters nearby!
The leopard gecko hisses angrily.
You hit the goblin.
The goblin is heavily wounded.
The goblin barely misses you.
You hit the goblin.
You kill the goblin!
The goblin shouts!
You barely miss the leopard gecko. The leopard gecko misses you.
The leopard gecko closely misses you.
You barely miss the leopard gecko. The leopard gecko bites you.
You hit the leopard gecko but do no damage.
The leopard gecko barely misses you.
You barely miss the leopard gecko. The leopard gecko closely misses you.
You hit the leopard gecko.
The leopard gecko is severely wounded.
The leopard gecko barely misses you.
You hit the leopard gecko.
You kill the leopard gecko!
You closely miss the goblin. You hit the goblin.
You kill the goblin!
No target in view!
No target in view!
Things that are here:
a +0 club; a goblin corpse A rat comes into view.
A rat is nearby!
A rat is nearby!
The rat barely misses you.
You see here a bubbling sapphire potion.
i - a bubbling sapphire potion The rat bites you but does no damage.
You hit the rat.
You kill the rat!
j - a scroll labelled WEYRRA DAIKUNUST You open the door.
There is an open door here.
Found a robe.
A frilled lizard comes into view.
A frilled lizard is nearby!
The frilled lizard hisses angrily.
The frilled lizard completely misses you.
You miss the frilled lizard.
The frilled lizard bites you but does no damage.
You barely miss the frilled lizard.
The frilled lizard completely misses you.
You hit the frilled lizard.
You kill the frilled lizard!
A kobold comes into view.
Found a stone staircase leading down.
A kobold is nearby!
A frilled lizard comes into view.
A kobold comes into view.
It is wielding a +0 whip of electrocution.
The frilled lizard hisses angrily.
The kobold shouts! x2
The kobold barely misses you.
The kobold hits you but does no damage. x2
You are electrocuted!
Ouch! That really hurt!
* * * LOW HITPOINT WARNING * * *
The kobold closely misses you.
Throw: 2 darts (curare)
Press: ? - help, Shift-Dir - straight line, f - kobold
Aim: a kobold, wielding a +0 whip of electrocution and quivering stones (51% to hit)
You throw a curare-tipped dart.
The curare-tipped dart completely misses the kobold.
The kobold hits you but does no damage.
Throw: dart (curare)
Press: ? - help, Shift-Dir - straight line, f/p - kobold
Aim: a kobold, wielding a +0 whip of electrocution and quivering stones (51% to hit)
You throw a curare-tipped dart.
The curare-tipped dart closely misses the kobold.
The kobold hits you with a +0 whip of electrocution.
* * * LOW HITPOINT WARNING * * *
You are electrocuted!
Ouch! That really hurt!
You die...

#.......'.........+......
#....####.........###....
#.#.## ##.......## #....
#.### ##.....## #.... #.#
##...## #.... #.# ##+##
##..# #.#### # #...
#....####### ># ##.#
####.##.@KK##.## #.#
####.##.##l#...#### #.#
#.......##......... ..#
#.##.#..##.#...#### ###
#.##.#..##.##..#
#.##[..........#
#.####..##.#####
#..........# ############


You could see 2 kobolds and a frilled lizard.

Vanquished Creatures
  A dart slug (D:1)
  A leopard gecko (D:1)
  A bat (D:1)
  5 goblins (D:1)
  A hobgoblin (D:1)
  A ball python (D:1)
  A frilled lizard (D:1)
  2 rats (D:1)
13 creatures vanquished.

Notes
Turn   | Place    | Note
-------+----------+-------------------------------------------
     0 | D:1      | rednaxela the Barachi Brigand began the quest for the Orb.
     0 | D:1      | Reached XP level 1. HP: 17/17 MP: 1/1
   268 | D:1      | Reached skill level 3 in Fighting
   268 | D:1      | Reached XP level 2. HP: 18/24 MP: 2/2
   735 | D:1      | Mangled by a kobold

Illustrated notes

Levels and vault maps discovered:
D:1:      tarquinn_simple_flora_water_f, layout_loops_corners,
          ebering_dispersal_statue_hall, chequers_avenue,
          minmay_misc_feat_square

Skill      XL: |  1 |
---------------+----+-----
Fighting       | 3 |  3.6
Short Blades   | |  2.2
Throwing       | |  2.0
Dodging        | |  1.1
Stealth        | |  3.6

Action                   || total
-------------------------++-------
Melee: Dagger            ||    40
Throw: Dart              ||     2
 Stab: Sleeping          ||     1
Armor: Robe              ||     7
Dodge: Dodged            ||    18

Table legend: (Time is in decaauts)
 A = Elapsed time spent in this place.
 B = Non-inter-level travel time spent in this place.
 C = Inter-level travel time spent in this place.
 D = Time resting spent in this place.
 E = Time spent auto-exploring this place.
 F = Levels seen in this place.
 G = Mean time per level.
                   A        B        C        D        E       F      G
               +--------+--------+--------+--------+--------+-----+--------+
         Total |    807 |    807 |      0 |      0 |    656 |   1 |  807.0 |
       Dungeon |    807 |    807 |      0 |      0 |    656 |   1 |  807.0 |
               +--------+--------+--------+--------+--------+-----+--------+

Top non-repeatable levels by time:
     D:1: 807 daAuts
